 Dungeon Crawl Stone Soup version 0.21.1-1-g345015fe64 (webtiles) character file.

46366 Gargoyl the Schismatic (level 14, -2/122 HPs)
             Began as a Centaur Abyssal Knight on June 10, 2018.
             Was an Elder of Lugonu.
             Slain by an entropy weaver (5 damage)
             ... on level 5 of the Lair of Beasts.
             The game lasted 00:45:11 (27835 turns).

Gargoyl the Schismatic (Centaur Abyssal Knight)    Turns: 27835, Time: 00:45:11

Health: -2/122     AC:  8    Str: 24    XL:     14   Next: 4%
Magic:  19/23      EV: 11    Int: 11    God:    Lugonu [****..]
Gold:   1002       SH:  0    Dex: 11    Spells: 13/13 levels left

rFire    + . .     SeeInvis .   v - +5 hand axe (flame)
rCold    . . .     Gourm    .   (no shield)
rNeg     . . .     Faith    .   G - +5 ring mail "Dioli" {rPois}
rPois    +         Spirit   .   o - +2 hat {MR+}
rElec    +         Reflect  .   J - scarf {repulsion}
rCorr    .         Harm     .   k - +0 pair of gloves "Estoexyg" {rElec}
MR       ++...                  (no barding)
Stlth    ..........             y - amulet of magic regeneration
HPRegen  0.30/turn              M - +3 ring of slaying
MPRegen  0.43/turn              D - +4 ring of strength

@: corroded, repel missiles, very quick
A: large, hooves 3, deformed body, fire resistance 1, speed 2, strong 1, tough
skin 3
a: Depart the Abyss, Bend Space, Banish, Corrupt, Renounce Religion


You were on level 5 of the Lair of Beasts.
You worshipped Lugonu.
Lugonu was greatly pleased with you.
You were hungry.

You visited 2 branches of the dungeon, and saw 16 of its levels.
You visited the Abyss 1 time.

You collected 1002 gold pieces.

Inventory:

Hand Weapons
 a - a +3 hand axe
 v - a +5 hand axe of flaming (weapon)
Missiles
 I - 4 javelins (quivered)
Armour
 k - the +0 pair of gloves "Estoexyg" (worn) {rElec}
   (You found it on level 5 of the Dungeon)

   It insulates you from electricity.
 o - a +2 hat of magic resistance (worn)
 G - the +5 ring mail "Dioli" (worn) {rPois}
   (You found it on level 9 of the Dungeon)

   It protects you from poison.
 J - a scarf of repulsion (worn)
Jewellery
 g - an uncursed ring of flight
 p - a +6 ring of dexterity
 y - an amulet of magic regeneration (around neck)
 D - a +4 ring of strength (right hand)
 H - an uncursed ring of resist corrosion
 M - a +3 ring of slaying (left hand)
Wands
 h - a wand of enslavement (15)
 t - a wand of digging (15)
 x - a wand of paralysis (14)
 z - a wand of random effects (52)
 E - a wand of disintegration (36)
 K - a wand of polymorph (19)
 L - a wand of iceblast (14)
 N - a wand of acid (10)
Scrolls
 d - 4 scrolls of fog
 e - 5 scrolls of identify
 f - 4 scrolls of remove curse
 B - 4 scrolls of teleportation
 F - a scroll of magic mapping
 O - 2 scrolls of blinking
Potions
 b - 7 potions of curing
 i - 3 potions of berserk rage
 j - 3 potions of haste
 l - 3 potions of cancellation
 n - 5 potions of brilliance
 q - a potion of heal wounds
 s - a potion of invisibility
 u - 3 potions of might
 w - a potion of ambrosia
 C - 3 potions of agility
Books
 r - a book of Cantrips

   Spells                             Type                      Level
   a - Confusing Touch                Hexes                        1
   b - Animate Skeleton               Necromancy                   1
   c - Summon Small Mammal            Summoning                    1
   d - Apportation                    Translocation                1
 A - a book of Changes

   Spells                             Type                      Level
   a - Beastly Appendage              Transmutation                1
   b - Sticks to Snakes               Transmutation                2
   c - Spider Form                    Transmutation/Poison         3
   d - Ice Form                       Ice/Transmutation            4
   e - Blade Hands                    Transmutation                5
Comestibles
 c - 20 rations
 m - 9 chunks of flesh


   Skills:
 + Level 10.6 Fighting
 + Level 11.6 Axes
 + Level 1.4 Throwing
 * Level 10.7 Armour
 + Level 4.6 Dodging
 * Level 12.1 Invocations
 + Level 1.4 Evocations


You had 13 spell levels left.
You didn't know any spells.

Dungeon Overview and Level Annotations

Branches:
Dungeon (11/15)            Temple (0/1) D:6            Lair (5/6) D:11
 Shoals (0/4) Lair:2        Snake (0/4) Lair:2
  Slime: Lair:5-6       Orc: D:9-12

Altars:
Ashenzari
Sif Muna
Trog
Uskayaw
Zin

Shops:
D:4 (


Innate Abilities, Weirdness & Mutations

You have hooves in place of feet.
Armour fits poorly on your strangely shaped body.
You cover ground very quickly.
You have extremely tough skin. (AC +3)
Your flesh is heat resistant. (rF+)
Your muscles are strong. (Str +2)


Message History

You slash the entropy weaver! You burn the entropy weaver.
Your kick misses the entropy weaver.
The entropy weaver is heavily wounded.
The entropy weaver completely misses you.
The entropy weaver hits you but does no damage.
The entropy weaver hits you!
* * * LOW HITPOINT WARNING * * *
The entropy weaver hits you!
* * * LOW HITPOINT WARNING * * *
Press: ? - help, Shift-Dir - straight line, f - entropy weaver
Aim: an entropy weaver (heavily wounded, chance to defeat MR: 60%)
The entropy weaver resists with significant effort.
You are feeling hungry.
The entropy weaver hits you but does no damage.
The entropy weaver hits you.
* * * LOW HITPOINT WARNING * * *
The entropy weaver hits you.
* * * LOW HITPOINT WARNING * * *
The entropy weaver hits you.
You die...

# .. ###...## ...
####......## ....
###.#........##
.....##P............ ##
.........##.......# ...
....'..@(##..P....##...
....#.a................
. #.####.........#... .
..# #.##......'...#
.'## ## #......#####
##.. ##.....# ######..#
##.....# P..P....##
##....##### #
.........#####
#.#'..##..##P.


You could see an entropy weaver.

Vanquished Creatures
  Gastronok (D:11)
  7 hydras
  Erica (D:9)
  A queen ant (Lair:4)
  Nergalle (D:10)
  An unseen horror (D:11)
  A manticore (Lair:5)
  16 elephants
  5 black mambas
  7 spiny frogs
  6 rime drakes
  6 komodo dragons
  3 trolls (D:11)
  12 hippogriffs
  2 wraiths
  12 wyverns
  A steam dragon (Lair:4)
  38 yaks
  5 basilisks
  Menkaure (D:6)
  3 nagas (Lair:2)
  11 soldier ants
  5 water moccasins
  8 porcupines
  2 orc warriors (D:9)
  A sky beast (D:7)
  A black bear (D:8)
  An eye of draining (D:10)
  2 phantoms
  4 ice beasts
  7 ogres
  8 wolves
  10 centaurs
  7 crocodiles
  A big kobold (D:9)
  19 bullfrogs
  A wyvern skeleton (D:6)
  5 scorpions
  12 wights
  8 killer bees
  An electric eel (D:11)
  2 crimson imps
  A howler monkey (D:3)
  3 jellies
  5 hounds
  A centaur skeleton (D:9)
  2 quasits
  2 orc priests
  A bullfrog skeleton (D:9)
  4 orc wizards
  2 iguanas (D:4)
  25 worker ants
  A hound skeleton (D:4)
  A gnoll (D:6)
  A worker ant zombie (D:6)
  8 adders
  4 shadow imps
  An adder skeleton (D:6)
  2 adder zombies
  3 worms
  5 dart slugs
  4 leopard geckos
  28 orcs
  5 giant cockroaches
  8 goblins
  6 hobgoblins
  17 jackals
  7 kobolds
  4 quokkas
  A ball python (D:4)
  5 bats
  A frilled lizard (D:3)
  A jackal skeleton (D:5)
  A leopard gecko skeleton (D:4)
  A leopard gecko zombie (D:8)
  4 rats
  4 fungi
  A plant (D:1)
416 creatures vanquished.

Vanquished Creatures (others)
  An entropy weaver (Lair:5)
  The ghost of Ge0ff the Spear-Bearer, a journeyman NaAM of Hepliaklqana (Lair:3)
  The ghost of Artool the Fighter, a journeyman DsBe of Trog (Lair:3)
  2 two-headed ogres
  An unseen horror (D:10)
  A wizard (D:11)
  2 cyclopes
  A spiny frog (Lair:2)
  A wyvern (Lair:4)
  An orc warrior (D:6)
  A killer bee (D:11)
  3 electric eels (D:11)
  A bush (Lair:1)
  24 fungi
  16 plants
57 creatures vanquished.

Grand Total: 473 creatures vanquished

Notes
Turn   | Place    | Note
-------+----------+-------------------------------------------
     0 | Abyss:1  | Gargoyl the Centaur Abyssal Knight began the quest for the Orb.
     0 | Abyss:1  | Reached XP level 1. HP: 19/19 MP: 2/2
    17 | Abyss:1  | Noticed a tentacled monstrosity
    52 | Abyss:2  | Noticed a quasit
    54 | Abyss:2  | Noticed a neqoxec
    62 | Abyss:2  | Killed a quasit
    62 | Abyss:2  | Reached XP level 2. HP: 13/26 MP: 3/3
    62 | Abyss:2  | Reached XP level 3. HP: 16/31 MP: 4/4
    77 | D:1      | Escaped the Abyss
   447 | D:1      | Reached * piety under Lugonu
  1578 | D:3      | Reached XP level 4. HP: 40/40 MP: 5/5
  1774 | D:3      | Reached ** piety under Lugonu
  1864 | D:3      | Found a deep blue altar of Sif Muna.
  2246 | D:4      | Noticed a phantom
  2295 | D:4      | Killed a phantom
  2295 | D:4      | Reached XP level 5. HP: 24/46 MP: 4/7
  2663 | D:4      | Reached XP level 6. HP: 30/52 MP: 2/8
  2953 | D:4      | Reached skill level 3 in Invocations
  3003 | D:4      | Found Quod's Weapon Shoppe.
  3461 | D:4      | Reached XP level 7. HP: 57/60 MP: 6/9
  3894 | D:5      | Entered Level 5 of the Dungeon
  3902 | D:5      | Reached *** piety under Lugonu
  3981 | D:5      | Reached skill level 1 in Dodging
  4071 | D:5      | Got a pair of fine gloves
  4077 | D:5      | Identified the cursed +0 pair of gloves "Estoexyg" {rElec} (You found it on level 5 of the Dungeon)
  4108 | D:5      | Found a shattered altar of Ashenzari.
  4159 | D:5      | Reached skill level 4 in Invocations
  5348 | D:6      | Reached XP level 8. HP: 55/67 MP: 11/11
  5470 | D:6      | Reached skill level 5 in Fighting
  5557 | D:6      | Found a staircase to the Ecumenical Temple.
  5582 | D:6      | Reached skill level 5 in Armour
  6134 | D:6      | Found a hide-covered altar of Uskayaw.
  6492 | D:6      | Noticed Menkaure
  6501 | D:6      | Killed Menkaure
  6900 | D:7      | Reached skill level 5 in Axes
  7061 | D:7      | Reached skill level 5 in Invocations
  7604 | D:7      | Reached XP level 9. HP: 74/74 MP: 11/13
  8291 | D:7      | Reached skill level 6 in Invocations
  8958 | D:8      | Gained mutation: Your magical capacity is low. (-10% MP) [potion of mutation]
  8958 | D:8      | Gained mutation: You have supernaturally acute eyesight. (SInv) [potion of mutation]
  8958 | D:8      | Gained mutation: Your mind is acute. (Int +2) [potion of mutation]
  8959 | D:8      | Lost mutation: Your mind is acute. (Int +2) [potion of mutation]
  8959 | D:8      | Lost mutation: Your magical capacity is low. (-10% MP) [potion of mutation]
  8959 | D:8      | Lost mutation: You have supernaturally acute eyesight. (SInv) [potion of mutation]
  8959 | D:8      | Gained mutation: Your muscles are strong. (Str +2) [potion of mutation]
  8959 | D:8      | Gained mutation: Your flesh is heat resistant. (rF+) [potion of mutation]
  9015 | D:8      | Reached skill level 1 in Evocations
  9121 | D:8      | Noticed a two-headed ogre
  9128 | D:8      | Reached **** piety under Lugonu
  9128 | D:8      | Banished a two-headed ogre
  9743 | D:9      | Noticed a cyclops
  9762 | D:9      | Banished a cyclops
 10118 | D:9      | Reached XP level 10. HP: 78/83 MP: 15/15
 10177 | D:9      | Found a glowing silver altar of Zin.
 10177 | D:9      | Noticed Erica
 10185 | D:9      | Killed Erica
 10185 | D:9      | Reached skill level 7 in Invocations
 10440 | D:9      | HP: 4/84 [orc wizard/magic dart (10)]
 10784 | D:9      | Got a heavily runed ring mail
 10795 | D:9      | Identified the +5 ring mail "Dioli" {rPois} (You found it on level 9 of the Dungeon)
 11105 | D:10     | Entered Level 10 of the Dungeon
 11809 | D:10     | Noticed a two-headed ogre
 11810 | D:10     | Banished a two-headed ogre
 11900 | D:10     | Banished an unseen horror
 12239 | D:10     | Reached skill level 8 in Invocations
 12966 | D:10     | Noticed Nergalle
 13014 | D:10     | Killed Nergalle
 13014 | D:10     | Reached XP level 11. HP: 30/92 MP: 17/17
 14019 | D:11     | Killed an unseen horror
 14656 | D:11     | Found a staircase to the Lair.
 14775 | D:11     | Noticed a four-headed hydra
 14781 | D:11     | Killed a one-headed hydra
 14781 | D:11     | Reached skill level 9 in Invocations
 15588 | D:11     | Reached skill level 1 in Throwing
 16039 | D:11     | Noticed Gastronok
 16058 | D:11     | Killed Gastronok
 16240 | D:11     | Noticed a six-headed hydra
 16249 | D:11     | Killed a one-headed hydra
 16249 | D:11     | Reached skill level 10 in Invocations
 16456 | D:11     | Found a bloodstained altar of Trog.
 16461 | D:11     | Noticed a wizard
 16466 | D:11     | Killed a wizard
 16520 | Lair:1   | Entered Level 1 of the Lair of Beasts
 16794 | Lair:1   | Reached XP level 12. HP: 102/102 MP: 19/19
 17975 | Lair:2   | Found a staircase to the Shoals.
 18178 | Lair:2   | Found a staircase to the Snake Pit.
 19073 | Lair:2   | Noticed an eight-headed hydra
 19076 | Lair:2   | Killed a five-headed hydra
 19665 | Lair:2   | Reached skill level 10 in Axes
 20245 | Lair:2   | Noticed a four-headed hydra
 20254 | Lair:2   | Killed a one-headed hydra
 20308 | Lair:3   | Noticed Artool's ghost (journeyman DsBe)
 20336 | Lair:3   | HP: 6/156 [Artool's ghost (4)]
 20340 | Lair:3   | HP: 1/156 [Artool's ghost (7)]
 20342 | Lair:3   | Banished Artool's ghost
 20360 | Lair:3   | Noticed Ge0ff's ghost (journeyman NaAM)
 20363 | Lair:3   | Banished Ge0ff's ghost
 20764 | Lair:3   | Reached skill level 10 in Armour
 20790 | Lair:3   | Reached skill level 11 in Invocations
 21502 | Lair:3   | Noticed a four-headed hydra
 21514 | Lair:3   | Reached XP level 13. HP: 80/111 MP: 21/21
 23013 | Lair:4   | Identified a scroll of acquirement
 24518 | Lair:4   | Reached skill level 10 in Fighting
 24969 | Lair:5   | Noticed an entropy weaver
 26416 | Lair:5   | Reached skill level 12 in Invocations
 27064 | Lair:5   | Noticed an entropy weaver
 27082 | Lair:5   | Banished an entropy weaver
 27676 | Lair:5   | Reached XP level 14. HP: 120/122 MP: 23/23
 27835 | Lair:5   | HP: 6/122 [entropy weaver (4)]
 27835 | Lair:5   | Slain by an entropy weaver

Skill      XL: |  1  2  3  4  5  6  7  8  9 10 11 12 13 |
---------------+----------------------------------------+-----
Axes           | 2 3 4 5 6 8 9 10 11 | 11.6
Armour         | 2 3 4 6 7 8 10 | 10.7
Fighting       | 4 5 6 7 8 9 10 | 10.6
Invocations    | 3 4 5 6 8 10 11 12 | 12.1
Dodging        | 1 2 3 4 |  4.6
Evocations     | 1 |  1.4
Throwing       | 1 |  1.4

Action                   |  1- 3 |  4- 6 |  7- 9 | 10-12 | 13-15 || total
-------------------------+-------+-------+-------+-------+-------++-------
Melee: Hand axe          |    75 |   117 |   371 |   777 |   419 ||  1759
       Kick              |    24 |    34 |   106 |   298 |   180 ||   642
Throw: Javelin           |       |       |       |    12 |     1 ||    13
Invok: Depart the Abyss  |     1 |       |       |       |       ||     1
       Banish            |       |       |     4 |    16 |     3 ||    23
Evoke: Wand              |       |       |     4 |       |       ||     4
  Use: Scroll            |     8 |     8 |    10 |    11 |     3 ||    40
       Potion            |     2 |     1 |     7 |     7 |       ||    17
  Eat: Chunk             |       |     3 |     6 |    10 |     2 ||    21
       Ration            |       |     1 |     4 |     8 |     5 ||    18
Armor: Leather armour    |     9 |       |       |       |       ||     9
       Plate armour      |    43 |    91 |   218 |    47 |       ||   399
       Skin              |       |       |    35 |     2 |       ||    37
       Ring mail         |       |       |       |   449 |   285 ||   734
Dodge: Dodged            |    15 |    24 |    88 |   385 |   192 ||   704
       Deflected         |       |       |       |     2 |     2 ||     4
